 Dungeon Crawl Stone Soup version 0.23.2-1-ga50397a6bc (webtiles) character file.

Game seed: 15277622669853016902

1304 Ethylacetat the Magician (level 8, -3/52 HPs)
             Began as a Mummy Fire Elementalist on May 11, 2019.
             Killed by divine providence
             ... invoked by an orc priest
              (14 damage)
             ... on level 6 of the Dungeon.
             The game lasted 00:19:59 (7755 turns).

Ethylacetat the Magician (Mummy Fire Elementalist)  Turns: 7755, Time: 00:20:00

Health: -3/52      AC:  2    Str: 11    XL:     8   Next: 31%
Magic:  12/17      EV: 12    Int: 20    God:
Gold:   276        SH:  0    Dex: 13    Spells: 11/19 levels left

rFire    . . .     SeeInvis .   b - +1 short sword (venom)
rCold    . . .     Gourm    .   (no shield)
rNeg     + + +     Faith    .   a - +0 robe
rPois    ∞         Spirit   .   (no helmet)
rElec    .         Reflect  .   (no cloak)
rCorr    .         Harm     .   (no gloves)
MR       +....                  (no boots)
Stlth    ++........             (no amulet)
HPRegen  0.17/turn              f - ring of fire
MPRegen  0.15/turn              c - +4 ring of intelligence

@: no status effects
A: no food or potions, fire vulnerability, cold resistance 1, negative energy
resistance 3, torment resistance, unbreathing
a: no special abilities


You were on level 6 of the Dungeon.
You were not hungry.

You visited 1 branch of the dungeon, and saw 6 of its levels.

You collected 276 gold pieces.

Inventory:

Hand Weapons
 b - a +1 short sword of venom (weapon)
Armour
 a - a +0 robe (worn)
Jewellery
 c - a +4 ring of intelligence (right hand)
 f - a ring of fire (left hand)
Scrolls
 d - 3 scrolls of magic mapping
 e - a scroll of blinking
 g - 2 scrolls of fear
 h - a scroll of teleportation
 i - 3 scrolls of identify
 j - a scroll of torment {unknown}


   Skills:
 - Level 1.6 Dodging
 - Level 1.7 Stealth
 + Level 6.0 Spellcasting
 * Level 5.2 Conjurations
 * Level 5.9 Fire Magic


You had 11 spell levels left.
You knew the following spells:

 Your Spells              Type           Power        Failure   Level  Hunger
a - Flame Tongue          Conj/Fire      #####        1%          1    N/A
b - Throw Flame           Conj/Fire      #####.       1%          2    N/A
c - Fireball              Conj/Fire      #####.....   30%         5    N/A

Your spell library contained the following spells:

 Spells                   Type           Power        Failure   Level  Hunger
 Conjure Flame            Conj/Fire      #####...     3%          3    N/A
 Inner Flame              Hex/Fire       ####....     10%         3    N/A
 Sticky Flame             Conj/Fire      #####...     11%         4    N/A

Dungeon Overview and Level Annotations

Branches:
Dungeon (6/15)             Temple (0/1) D:6

Altars:
Okawaru
Trog
Wu Jian

Annotations:
D:6 Dowan


Innate Abilities, Weirdness & Mutations

You do not eat or drink.
Your flesh is vulnerable to fire.
You are immune to poison.
Your flesh is cold resistant. (rC+)
You are immune to negative energy. (rN+++)
You are immune to unholy pain and torment.
You can survive without breathing.


Message History

Confirm with . or Enter, or press ? or * to list all spells.
Aiming: Flame Tongue (safe; 1% risk of failure)
Press: ? - help, Shift-Dir - straight line, f/p - bullfrog
Aim: a bullfrog (severely wounded)
You feel a surge of power!
The flame tongue hits the bullfrog!
You kill the bullfrog!
The orc wizard points at you and mumbles some strange words.
The magic dart hits you!
* * * LOW HITPOINT WARNING * * *
Dowan says, "Stay away from my face!"
Dowan casts a spell.
Dowan blinks!
The orc priest shouts!
Things that are here:
a +0 dagger; a +0 robe The orc wizard mumbles some strange words.
The orc wizard blinks!
The orc priest calls down the wrath of Beogh upon you.
Beogh smites you!
You die...

### #### #.# #.. ###
###########.# #.# ####..
............# ##.###§...#
####...##<.# #....o.####
#[....@######.#.####### ####
##..##....)o§.o..)...... . ..#
##...##########o......... ⌠ #.#
#....# #>........# # #.###.#.##
#..........# #
#.....#.########....#.o.....# #
#..........................##
#####.#....[.####..#...##......#
..........<.## #.## #.......


You could see an orc priest, an orc wizard and an orc.

Vanquished Creatures
  Sigmund (D:4)
  A water moccasin (D:5)
  2 ogres
  A centaur (D:5)
  A bullfrog (D:6)
  A crimson imp (D:5)
  3 hounds
  3 jellies
  3 orc wizards
  3 orc priests
  An iguana (D:4)
  2 worker ants
  2 hound zombies
  A hound skeleton (D:5)
  12 adders
  3 oozes
  7 worms
  A dart slug (D:2)
  4 leopard geckos
  3 orcs
  A ball python (D:2)
  7 giant cockroaches
  12 goblins
  10 hobgoblins
  10 jackals
  9 kobolds
  2 quokkas
  8 bats
  7 frilled lizards
  7 rats
128 creatures vanquished.

Notes
Turn   | Place    | Note
-------+----------+-------------------------------------------
     0 | D:1      | Ethylacetat the Mummy Fire Elementalist began the quest for
                  | the Orb.
     0 | D:1      | Reached XP level 1. HP: 13/13 MP: 4/4
    43 | D:1      | Reached skill level 3 in Spellcasting
    55 | D:1      | Reached XP level 2. HP: 12/19 MP: 1/6
   339 | D:1      | Found an iron altar of Okawaru.
   352 | D:1      | Reached skill level 1 in Conjurations
   836 | D:2      | Reached XP level 3. HP: 24/24 MP: 3/7
   842 | D:2      | Learned a level 2 spell: Throw Flame
   884 | D:2      | You fall through a shaft for 2 floors!
  1075 | D:2      | Found a faded altar of an unknown god.
  1418 | D:2      | Reached XP level 4. HP: 30/30 MP: 5/9
  2191 | D:2      | Found an ornate altar of the Wu Jian Council.
  2289 | D:2      | Noticed a moth of wrath
  2292 | D:2      | Found a bloodstained altar of Trog.
  3058 | D:2      | Reached XP level 5. HP: 17/35 MP: 0/10
  3609 | D:3      | Learned a level 5 spell: Fireball
  3612 | D:3      | Reached skill level 4 in Spellcasting
  4259 | D:4      | Noticed Sigmund
  4949 | D:4      | Noticed an ogre
  4955 | D:4      | Killed an ogre
  4955 | D:4      | Reached XP level 6. HP: 41/41 MP: 1/12
  5250 | D:4      | Killed Sigmund
  5419 | D:4      | Reached XP level 7. HP: 46/46 MP: 8/14
  5604 | D:5      | Entered Level 5 of the Dungeon
  5902 | D:5      | Reached skill level 5 in Spellcasting
  5964 | D:5      | Reached skill level 5 in Fire Magic
  6091 | D:5      | HP: 2/46 [water moccasin (7)]
  6536 | D:5      | Reached XP level 8. HP: 25/52 MP: 3/16
  7401 | D:6      | Reached skill level 5 in Conjurations
  7492 | D:6      | Found a staircase to the Ecumenical Temple.
  7734 | D:6      | Reached skill level 6 in Spellcasting
  7734 | D:6      | Noticed Dowan
  7755 | D:6      | Killed from afar by an orc priest

Skill      XL: |  1  2  3  4  5  6  7  8 |
---------------+-------------------------+-----
Spellcasting   | 3 4 5 6 |  6.0
Conjurations   | 1 2 3 4 5 |  5.2
Fire Magic     | 3 4 5 |  5.9
Dodging        | |  1.6
Stealth        | |  1.7

Action                   |  1- 3 |  4- 6 |  7- 9 || total
-------------------------+-------+-------+-------++-------
Melee: Short sword       |     8 |     4 |    17 ||    29
       Whip              |     3 |    13 |       ||    16
 Cast: Flame Tongue      |    50 |   114 |    25 ||   189
       Throw Flame       |     7 |    54 |    66 ||   127
  Use: Scroll            |     5 |     5 |     1 ||    11
Armor: Robe              |     4 |    10 |     1 ||    15
Dodge: Dodged            |    24 |    49 |    21 ||    94
